 Dungeon Crawl Stone Soup version 0.32-a0-868-g153ae1a8d6 (webtiles) character file.

Game seed: 11366230477153288517

465 Fodor the Chopper (level 6, -2/56 HPs)
             Began as a Minotaur Fighter on Mar 28, 2024.
             Slain by a hound (4 damage)
             ... on level 4 of the Dungeon.
             The game lasted 00:05:20 (2484 turns).

Fodor the Chopper (Minotaur Fighter)                Turns: 2484, Time: 00:05:21

Health: -2/56      AC:  7    Str: 26    XL:     6   Next: 80%
Magic:  5/5        EV:  9    Int: 11    God:
Gold:   109        SH:  4    Dex:  9    Spells: 5/5 levels left

rFire   . . .        q - +1 flail (heavy)
rCold   . . .        c - +0 buckler
rNeg    . . .        b - +0 scale mail
rPois   +            (helmet restricted)
rElec   .            (no cloak)
rCorr   .            (no gloves)
SInv    .            (no boots)
Will    +....        (no amulet) Stlth
                     f - ring of poison resistance
HPRegen 0.29/turn    o - ring "Coapt" {Will+ Str+3 Int+6}
MPRegen 0.09/turn

%: no passive effects
@: no status effects
A: horns 2, retaliatory headbutt
a: no special abilities


You were on level 4 of the Dungeon.
You visited 1 branch of the dungeon, and saw 4 of its levels.

You collected 109 gold pieces.

Inventory:

Hand Weapons
 q - a +1 heavy flail (weapon)
Armour
 b - a +0 scale mail (worn)
 c - a +0 buckler (worn)
Jewellery
 f - a ring of poison resistance (left hand)
 o - the ring "Coapt" (right hand) {Will+ Str+3 Int+6}
   (You found it on level 3 of the Dungeon)

   [ring of intelligence]

   Str+3:     It affects your strength (+3).
   Int+6:     It affects your intelligence (+6).
   Will+:     It increases your willpower.
Talismans
 n - a flux talisman
Scrolls
 g - 2 scrolls of fog {unknown}
 j - 2 scrolls of teleportation {unknown}
 k - 3 scrolls of vulnerability {unknown}
 l - a scroll of immolation {unknown}
Potions
 d - a potion of might
 e - a potion of enlightenment {unknown}
 h - a potion of curing {unknown}
 i - a potion of haste {unknown}
 m - a potion of brilliance {unknown}
 p - a potion of resistance {unknown}


   Skills:
 + Level 5.0 Fighting
 + Level 6.1 Axes
 + Level 1.1(4.0) Maces & Flails
 + Level 5.2 Armour
 + Level 1.3 Dodging
 + Level 0.4 Stealth
 + Level 4.5 Shields


You had 5 spell levels left.
You didn't know any spells.
Your spell library contained the following spells:

 Spells                   Type           Power      Damage    Failure   Level
 Anguish                  Hex/Necr       0%         N/A       100%        4
 Cause Fear               Hex            0%         N/A       100%        4
 Enfeeble                 Hex            0%         N/A       100%        7


Dungeon Overview and Level Annotations

Branches:
Dungeon (4/15)
 Temple: D:4-7

Altars:
Ru
Xom


Innate Abilities, Weirdness & Mutations

You have a pair of horns on your head.
You reflexively headbutt those who attack you in melee.


Message History

The kobold shouts!
You bludgeon Duvessa!! You headbutt Duvessa, but do no damage.
Duvessa is heavily wounded.
A kobold comes into view. It is wielding a +0 whip.
You block Duvessa's attack.
Dowan mumbles some strange words.
Dowan blinks!
Duvessa hits you with a +0 short sword.
You sock Duvessa!
Duvessa is almost dead.
A hound comes into view.
Duvessa hits you with a +0 short sword.
The hound barks!
The kobold completely misses you. You furiously retaliate!
You headbutt the kobold.
Dowan's feet meld with the ground, briefly.
Duvessa hits you with a +0 short sword!
Found an opal ring and a dagger.
The kobold hits you but does no damage.
You bludgeon Dowan!!
You kill Dowan!
Duvessa weeps, and shakes her weapon.
Duvessa goes berserk!
Duvessa hits you with a +0 short sword! The kobold hits you but does no damage.
The hound completely misses you. The kobold closely misses you.
Duvessa hits you with a +0 short sword!
* * * LOW HITPOINT WARNING * * *
The kobold hits you with a +0 whip.
* * * LOW HITPOINT WARNING * * *
The kobold hits you but does no damage. The hound bites you but does no damage.
Your Fighting skill increases to level 5!
Your Axes skill increases to level 6!
Your base Maces & Flails skill increases to level 1!
You barely miss Duvessa.
Duvessa is almost dead.
Duvessa hits you with a +0 short sword!
* * * LOW HITPOINT WARNING * * *
You block the hound's attack. Duvessa barely misses you.
You furiously retaliate!
You headbutt Duvessa!
You kill Duvessa!
The kobold hits you but does no damage. You block the kobold's attack.
The hound bites you.
You die...

...)......# ..........#
.........####
#..........#
#..........#
#..........#
##...Kh....=# .#
#....K@# #.# #.....)#
...
##......###########.##
..............#...#..##.
##......#####.#.#.#.....
#......##........#..#
#......##...[.......#
#......##.......##.##
#......##.......##.#


You could see a hound and 2 kobolds.

Vanquished Creatures
  Duvessa (D:4)
  Dowan (D:4)
  3 crimson imps (D:3)
  2 bombardier beetles
  An orc priest (D:3)
  Jessica (D:2)
  Natasha (twice) (D:2)
  An orc wizard (D:3)
  Robin (D:3)
  3 adders
  2 ribbon worms
  6 orcs (D:3)
  5 ball pythons
  3 endoplasms
  5 giant cockroaches
  14 goblins
  5 hobgoblins
  3 jackals (D:1)
  2 quokkas
  4 bats
  A frilled lizard (D:2)
  7 kobolds
  3 rats
76 creatures vanquished.

Notes
Turn   | Place    | Note
-------+----------+-------------------------------------------
     0 | D:1      | Fodor the Minotaur Fighter began the quest for the Orb.
     0 | D:1      | Reached XP level 1. HP: 19/19 MP: 0/0
   254 | D:1      | Reached XP level 2. HP: 27/27 MP: 1/1
   677 | D:2      | Reached XP level 3. HP: 33/33 MP: 2/2
   809 | D:2      | Noticed Natasha
   810 | D:2      | Noticed Jessica
   812 | D:2      | Killed Jessica
   813 | D:2      | Reached skill level 3 in Axes
   822 | D:2      | Killed Natasha
   823 | D:2      | Reached XP level 4. HP: 26/41 MP: 3/3
  1267 | D:2      | Noticed Natasha
  1274 | D:2      | Killed Natasha
  1275 | D:2      | Reached skill level 4 in Axes
  1476 | D:3      | Found a faded altar of an unknown god.
  1517 | D:3      | Noticed Robin
  1524 | D:3      | Reached XP level 5. HP: 36/47 MP: 4/4
  1529 | D:3      | Killed Robin
  1627 | D:3      | Reached skill level 1 in Dodging
  1853 | D:3      | Identified the ring "Coapt" {Will+ Str+3 Int+6}
  1859 | D:3      | Found a sacrificial altar of Ru.
  1864 | D:3      | Reached skill level 5 in Axes
  1972 | D:3      | Reached XP level 6. HP: 40/53 MP: 5/5
  2310 | D:3      | Found a shimmering altar of Xom.
  2315 | D:3      | Reached skill level 5 in Armour
  2477 | D:4      | Noticed Duvessa
  2477 | D:4      | Noticed Dowan
  2483 | D:4      | Killed Dowan
  2484 | D:4      | Reached skill level 5 in Fighting
  2484 | D:4      | Reached skill level 6 in Axes
  2484 | D:4      | Reached skill level 1 in Maces & Flails
  2484 | D:4      | HP: 2/56 [Duvessa/+0 short sword (10)]
  2484 | D:4      | Killed Duvessa
  2484 | D:4      | Slain by a hound

Illustrated notes

Levels and vault maps discovered:
D:1:      lemuel_arrival_broad_hall, layout_loops_ring,
          dreamdust_princess_corridor
D:2:      layout_loops_ring, uniq_natasha, uniq_jessica
D:3:      layout_basic, led_xom_imps, nicolae_ru_awakened_eye,
          nicolae_ecumenical_pavilion, uniq_robin
D:4:      layout_basic, hellmonk_sif_muna_bookshelves, uniq_duvessa

Skill      XL: |  1  2  3  4  5  6 |
---------------+-------------------+-----
Armour         | 4 5 |  5.2
Shields        | 4 |  4.5
Fighting       | 4 5 |  5.0
Axes           | 3 4 5 6 |  6.1
Dodging        | 1 |  1.3
Maces & Flails | 1 |  1.1
Stealth        | |  0.4

Action                     |  1- 3 |  4- 6 || total
---------------------------+-------+-------++-------
  Melee: War axe           |    64 |    58 ||   122
         Headbutt          |    11 |     7 ||    18
         Flail             |       |    14 ||    14
 Armour: Scale mail        |    63 |    71 ||   134
  Dodge: Dodged            |    36 |    44 ||    80
  Block: Buckler           |    18 |    23 ||    41

Table legend: (Time is in decaauts)
 A = Elapsed time spent in this place.
 B = Non-inter-level travel time spent in this place.
 C = Inter-level travel time spent in this place.
 D = Time resting spent in this place.
 E = Time spent auto-exploring this place.
 F = Levels seen in this place.
 G = Mean time per level.
                   A        B        C        D        E       F      G
               +--------+--------+--------+--------+--------+-----+--------+
         Total |   2537 |   2491 |     46 |      0 |   1792 |   4 |  634.2 |
       Dungeon |   2537 |   2491 |     46 |      0 |   1792 |   4 |  634.2 |
               +--------+--------+--------+--------+--------+-----+--------+

Top non-repeatable levels by time:
     D:3: 945 daAuts
     D:2: 866 daAuts
     D:1: 639 daAuts
     D:4: 86 daAuts
